 Dungeon Crawl Stone Soup version 0.31-a0-1206-g41278d8d1d (webtiles) character file.

Game seed: 17442071037269883420

104 BubbleThief the Grave Robber (level 4, -2/30 HPs)
             Began as a Demonspawn Necromancer on Dec 14, 2023.
             Slain by a scorpion (5 damage)
             ... on level 3 of the Dungeon.
             The game lasted 00:04:42 (2463 turns).

BubbleThief the Grave Robber (DsNe)                 Turns: 2463, Time: 00:04:42

Health: -2/30      AC:  5    Str:  8    XL:     4   Next: 52%
Magic:  0/8        EV: 12    Int: 17    God:
Gold:   133        SH:  0    Dex: 14    Spells: 8/9 levels left

rFire   . . .        n - +1 dagger (vamp)
rCold   . . .        l - orb {light}
rNeg    . . .        a - +0 robe
rPois   .            (helmet restricted)
rElec   .            c - +2 cloak {rCorr}
rCorr   +            (no gloves)
SInv    .            (no boots)
Will    .....        (no amulet)
Stlth   +            (no ring)
HPRegen 0.25/turn    (no ring)
MPRegen 0.22/turn

%: guardian spirit
@: confused, lethally poisoned (-2 -> -11), hasted, glowing, very quick
A: horns 1, magic shield, magic regeneration
a: no special abilities


You were on level 3 of the Dungeon.
You visited 1 branch of the dungeon, and saw 4 of its levels.

You collected 133 gold pieces.

Inventory:

Hand Weapons
 n - a +1 vampiric dagger (weapon)
Missiles
 q - a throwing net
Armour
 a - a +0 robe (worn)
 c - a +2 cloak of preservation (worn)
 l - an orb of light (worn)
Scrolls
 d - a scroll of silence {unknown}
 e - 5 scrolls of teleportation {unknown}
 f - a scroll of identify {unknown}
 g - a scroll of blinking {unknown}
 h - a scroll of enchant weapon {unknown}
 i - 3 scrolls of amnesia {unknown}
 j - a scroll of noise {unknown}
 m - a scroll of acquirement {unknown}
Potions
 b - a potion of magic
 o - a potion of degeneration {unknown}
 p - a potion of heal wounds {unknown}


   Skills:
 + Level 0.2 Fighting
 - Level 1.7 Dodging
 - Level 1.7 Stealth
 - Level 3.0 Spellcasting
 + Level 5.9 Necromancy


You had 8 spell levels left.
You knew the following spells:

 Your Spells              Type           Power      Damage    Failure   Level
a - Necrotise             Necr           88%        1d8       1%          1

Your spell library contained the following spells:

 Spells                   Type           Power      Damage    Failure   Level
 Vampiric Draining        Necr           22%        2d7       4%          3
 Animate Dead             Necr           22%        N/A       16%         4
 Agony                    Necr           22%        N/A       38%         5
 Dazzling Flash           Conj/Hex       4%         N/A       45%         3
 Silence                  Hex/Air        1%         N/A       99%         5


Dungeon Overview and Level Annotations

Branches:
Dungeon (4/15)
 Temple: D:4-7

Altars:

Annotations:
D:4 Eustachio


Innate Abilities, Weirdness & Mutations

You have a pair of small horns on your head.
When hurt, damage is shared between your health and your magic reserves.
You regenerate magic rapidly.


Message History

Aiming: Necrotise (safe; 1% risk of failure)
Press: ? - help, Q - select action, (/) - cycle Shift-Dir - straight line, f/p - scorpion
Aim: a scorpion (severely wounded, haloed, chance to affect: 81%)
The scorpion writhes in agony.
The scorpion stings you. The scorpion barely misses you.
Unknown command.
Aiming: Necrotise (safe; 1% risk of failure)
Press: ? - help, Q - select action, (/) - cycle Shift-Dir - straight line, f/p - scorpion
Aim: a scorpion (severely wounded, haloed, chance to affect: 81%)
The scorpion barely resists.
An orc comes into view. It is wielding a +0 hand axe.
The scorpion misses you. The scorpion stings you.
The orc wizard points at you and mumbles some strange words.
You are confused.
The orc hits you with a +0 whip.
The orc priest looks braver for a moment.
You climb upwards.
There is a stone staircase leading down here.
You're too confused to cast spells.
You're too confused to cast spells.
The scorpion stings you.
You bump into the rock wall.
The scorpion completely misses you.
The orc wizard hits you with a +0 dagger.
The scorpion stings you. The orc attacks as it pursues you!
The orc barely misses you.
The orc wizard hits you but does no damage.
The scorpion stings you.
* * * LOW HITPOINT WARNING * * *
You are lethally poisoned!
The scorpion poisons you!
It was a potion of haste.
You feel yourself speed up.
* * * LOW HITPOINT WARNING * * *
You feel very sick.
The orc wizard mumbles some strange words.
The orc wizard flickers and vanishes for a moment.
The orc hits you with a +0 whip.
* * * LOW HITPOINT WARNING * * *
The scorpion stings you.
You die...

### #.
#.##############.
#................
#.#########......
#.# ##...#.## #.#
#...##.#
#.#######.#.##.##
##.##......#.##...
#@o...........####
#so...........+...
#.............####
#.............#
#.............#
#.............#
#........)....#
#.............#
#.............#


You could see a scorpion, an orc wizard (invisible) and an orc.

Vanquished Creatures
  3 gnolls (D:3)
  An adder (D:3)
  A worm (D:3)
  An orc (D:3)
  3 endoplasms
  2 giant cockroaches
  A goblin (D:1)
  8 hobgoblins
  2 jackals (D:3)
  6 kobolds
  3 quokkas
  6 ball pythons
  3 bats
  A frilled lizard (D:3)
  5 rats
46 creatures vanquished.

Vanquished Creatures (collateral kills)
  A gnoll (D:3)
  A dart slug (D:2)
  A bat (D:1)
3 creatures vanquished.

Grand Total: 49 creatures vanquished

Notes
Turn   | Place    | Note
-------+----------+-------------------------------------------
     0 | D:1      | BubbleThief the Demonspawn Necromancer began the quest for
                  | the Orb.
     0 | D:1      | Reached XP level 1. HP: 13/13 MP: 3/3
    88 | D:1      | Found a faded altar of an unknown god.
   252 | D:1      | Gained mutation: You have a pair of small horns on your
                  | head. [demonic ancestry]
   252 | D:1      | Reached XP level 2. HP: 19/19 MP: 0/5
   640 | D:1      | Reached skill level 5 in Necromancy
   985 | D:2      | Gained mutation: You regenerate magic rapidly. [demonic
                  | ancestry]
   985 | D:2      | Reached XP level 3. HP: 24/24 MP: 3/6
  1607 | D:3      | Gained mutation: When hurt, damage is shared between your
                  | health and your magic reserves. [demonic ancestry]
  1607 | D:3      | Reached XP level 4. HP: 30/30 MP: 3/8
  2348 | D:4      | Noticed Eustachio
  2451 | D:4      | Noticed a scorpion
  2463 | D:3      | Slain by a scorpion

Illustrated notes

Levels and vault maps discovered:
D:1:      lightli_molten_gateway, layout_rooms,
          chequers_ecumenical_altar_simple_redux
D:2:      layout_rooms
D:3:      layout_basic
D:4:      layout_basic, cheibriados_altar_1, uniq_eustachio

Skill      XL: |  1  2  3  4 |
---------------+-------------+-----
Necromancy     | 5 |  5.9
Spellcasting   | 3 |  3.0
Fighting       | |  0.2
Dodging        | |  1.7
Stealth        | |  1.7

Action                     |  1- 3 |  4- 6 || total
---------------------------+-------+-------++-------
  Melee: Unarmed           |     5 |       ||     5
         Dagger            |       |     1 ||     1
         Headbutt          |       |     1 ||     1
   Cast: Necrotise         |    71 |    31 ||   102
    Use: Potion            |       |     1 ||     1
 Armour: Robe              |     6 |    18 ||    24
  Dodge: Dodged            |    13 |    11 ||    24

Table legend: (Time is in decaauts)
 A = Elapsed time spent in this place.
 B = Non-inter-level travel time spent in this place.
 C = Inter-level travel time spent in this place.
 D = Time resting spent in this place.
 E = Time spent auto-exploring this place.
 F = Levels seen in this place.
 G = Mean time per level.
                   A        B        C        D        E       F      G
               +--------+--------+--------+--------+--------+-----+--------+
         Total |   2462 |   2319 |    143 |      0 |   1951 |   4 |  615.5 |
       Dungeon |   2462 |   2319 |    143 |      0 |   1951 |   4 |  615.5 |
               +--------+--------+--------+--------+--------+-----+--------+

Top non-repeatable levels by time:
     D:3: 1158 daAuts
     D:1: 829 daAuts
     D:2: 458 daAuts
     D:4: 16 daAuts
